 Dungeon Crawl Stone Soup version 0.28-a0-883-gc8d7bad45d (webtiles) character file.

Game seed: 1135735603304547273

177 croobank the Sneak (level 5, -4/31 HPs)
             Began as an Octopode Hedge Wizard on Nov 21, 2021.
             Was an Initiate of Kikubaaqudgha.
             Killed from afar by Natasha (8 damage)
             ... with a magic dart
             ... on level 3 of the Dungeon.
             The game lasted 00:21:30 (4279 turns).

croobank the Sneak (Octopode Hedge Wizard)          Turns: 4279, Time: 00:21:31

Health: -4/31      AC:  1    Str: 10    XL:     5   Next: 57%
Magic:  9/10       EV: 13    Int: 16    God:    Kikubaaqudgha [......]
Gold:   112        SH:  0    Dex: 12    Spells: 7/11 levels left

rFire   + . .      SeeInvis +   j - staff of air
rCold   + . .      Faith    .   (no shield)
rNeg    . . .      Spirit   .   b - +0 hat
rPois   +          Reflect  .   (no amulet)
rElec   +          Harm     .   c - ring of flight
rCorr   +          Rampage  .   e - ring of see invisible
Will    .....                   m - ring of see invisible
Stlth   ++++......              (no ring)
HPRegen 0.10/turn               (no ring)
MPRegen 0.12/turn               (no ring)
                                (no ring)
                                (no ring)

@: resistant, flying
A: almost no armour, amphibious, 8 rings, camouflage 1, gelatinous body 1,
(nimble swimmer 1), tentacles
a: Renounce Religion


You were on level 3 of the Dungeon.
You worshipped Kikubaaqudgha.
Kikubaaqudgha was noncommittal.
You visited 1 branch of the dungeon, and saw 4 of its levels.

You collected 112 gold pieces.

Inventory:

Hand Weapons
 a - a +0 dagger
 p - a +0 flail
Missiles
 h - 143 stones
 i - 15 poisoned darts
Armour
 b - a +0 hat (worn)
Magical Staves
 j - a staff of air (weapon)
Jewellery
 c - a ring of flight (left tentacle)
 e - a ring of see invisible (right tentacle)
 m - a ring of see invisible (on tentacle)
Wands
 f - a wand of paralysis (5)
Scrolls
 d - a scroll of teleportation
Potions
 g - 2 potions of brilliance
 k - a potion of degeneration
 l - a potion of heal wounds


   Skills:
 + Level 0.9 Staves
 - Level 2.4 Dodging
 - Level 5.0 Stealth
 - Level 3.5 Spellcasting
 + Level 2.0 Conjurations
 - Level 1.0 Summonings
 - Level 1.0 Translocations
 * Level 1.6 Air Magic
 - Level 1.6 Poison Magic


You had 7 spell levels left.
You knew the following spells:

 Your Spells              Type           Power      Damage    Failure   Level
a - Magic Dart            Conj           36%        1d4       8%          1
b - Mephitic Cloud        Conj/Pois/Air  12%        N/A       26%         3

Your spell library contained the following spells:

 Spells                   Type           Power      Damage    Failure   Level
 Foxfire                  Conj/Fire      24%        2x1d5     12%         1
 Slow                     Hex            8%         N/A       19%         1
 Blink                    Tloc           12%        N/A       19%         2
 Call Imp                 Summ           6%         N/A       19%         2
 Conjure Flame            Conj/Fire      6%         6-21      34%         3
 Inner Flame              Hex/Fire       2%         N/A       47%         3
 Flame Wave               Conj/Fire      6%         3d4       75%         4
 Manifold Assault         Tloc           6%         N/A       97%         5
 Storm Form               Tmut/Air       4%         N/A       100%        7


Dungeon Overview and Level Annotations

Branches:
Dungeon (4/15)
 Temple: D:4-7

Altars:
Kikubaaqudgha

Annotations:
D:3 Natasha


Innate Abilities, Weirdness & Mutations

You cannot wear most types of armour.
You are amphibious.
You can wear up to eight rings at the same time.
Your skin changes colour to match your surroundings (Stealth+).
Your rubbery body absorbs attacks. (AC +1, EV +1)
((You are camouflaged near water. (Stealth+)))
You have tentacles for arms and can constrict up to eight enemies at once.


Message History

The magic dart hits Natasha.
Natasha is severely wounded.
Natasha claws you.
* * * LOW HITPOINT WARNING * * *
Aiming: Magic Dart (safe; 9% risk of failure)
Press: ? - help, Q - select action, (/) - cycle Shift-Dir - straight line, f/p - Natasha
Aim: Natasha (severely wounded, 100% to hit)
The magic dart hits Natasha.
Natasha is severely wounded.
Natasha claws you.
* * * LOW HITPOINT WARNING * * *
Okay, then.
Okay, then.
Aiming: Magic Dart (safe; 9% risk of failure)
Press: ? - help, Q - select action, (/) - cycle Shift-Dir - straight line, f/p - Natasha
Aim: Natasha (severely wounded, 100% to hit)
The magic dart hits Natasha but does no damage.
Natasha is severely wounded.
Natasha mumbles some strange words.
You barely miss Natasha. Your grab misses Natasha.
Natasha is severely wounded.
Natasha closely misses you.
You closely miss Natasha. You grab Natasha.
Natasha is severely wounded.
You constrict Natasha, but do no damage.
Natasha casts a spell.
The white imp barely misses you.
You hit Natasha. You squeeze Natasha.
You kill Natasha!
Kikubaaqudgha accepts your kill.
Natasha screams in pain as she dies!
The white imp disappears in a puff of smoke!
The crimson imp disappears in a puff of smoke!
Your Conjurations skill increases to level 2!
You start resting.
Natasha, Servant of Life and Death comes into view.
Natasha casts a spell at you. The magic dart hits you!
You die...
Kikubaaqudgha rasps: "You have failed me!
Welcome... death!"

#.#.###.##.#..##..# #.###.#..##
#.#..##.##...h....# #.##.....##
#.##.##.####...#### #.##..#.###
.>##.##.# #...# #.##..#.###
........# #...# #..........
.###.#######...###### ###........
....................#####..####<.
...........................##....
..##............@†..####.....[#..
..#########....#†#### #..##..#..
#.# #....#.# #..##..#.# #.#
#....#.# #........# #.# #....#.#
##......... #.# #......#
#.)...<.##. #.###########.####
##.......#. #..........##.#
#.......#. #.......##.##.#
#....##.#.


You could see Natasha.

Vanquished Creatures
  Natasha (twice) (D:3)
  Terence (D:3)
  A gnoll (D:1)
  4 adders
  A worm (D:2)
  A dart slug (D:2)
  8 ball pythons
  7 bats
  2 endoplasms (D:1)
  3 giant cockroaches
  2 goblins
  7 hobgoblins
  7 kobolds
  2 quokkas
  5 rats
53 creatures vanquished.

Notes
Turn   | Place    | Note
-------+----------+-------------------------------------------
     0 | D:1      | croobank the Octopode Hedge Wizard began the quest for the
                  | Orb.
     0 | D:1      | Reached XP level 1. HP: 11/11 MP: 4/4
    36 | D:1      | You fall into a shaft and drop 1 floor!
   452 | D:1      | Reached XP level 2. HP: 17/17 MP: 6/6
   537 | D:1      | Reached skill level 3 in Stealth
   914 | D:1      | Found a faded altar of an unknown god.
   943 | D:1      | Reached XP level 3. HP: 17/21 MP: 7/7
  1707 | D:2      | Learned a level 3 spell: Mephitic Cloud
  1735 | D:2      | Found an ancient bone altar of Kikubaaqudgha.
  1748 | D:2      | Became a worshipper of Kikubaaqudgha
  2193 | D:2      | HP: 1/21 [adder (1)]
  2201 | D:2      | Reached XP level 4. HP: 10/27 MP: 1/9
  2951 | D:3      | Reached skill level 1 in Air Magic
  3162 | D:3      | Noticed Natasha
  3172 | D:3      | Reached skill level 1 in Poison Magic
  3180 | D:3      | Reached skill level 4 in Stealth
  3406 | D:3      | Killed Natasha
  3700 | D:3      | Noticed Terence
  3710 | D:3      | Killed Terence
  3711 | D:3      | Reached skill level 5 in Stealth
  3711 | D:3      | Reached XP level 5. HP: 31/31 MP: 1/10
  4251 | D:3      | Noticed Natasha
  4268 | D:3      | Killed Natasha
  4278 | D:3      | Noticed Natasha
  4279 | D:3      | Killed from afar by Natasha

Illustrated notes

Levels and vault maps discovered:
D:1:      shiori_arrival_maze, layout_loops_ring,
          dilly_ecumenical_altar_fadedgnrine, minmay_tetromino_i2
D:2:      layout_basic, basic_altar
D:3:      layout_loops_cross, uniq_natasha, uniq_terence
D:4:      layout_cave_pools, minmay_temple_entry_glassed_door, uniq_eustachio,
          uniq_edmund, uniq_sigmund

Skill      XL: |  1  2  3  4  5 |
---------------+----------------+-----
Stealth        | 3 5 |  5.0
Air Magic      | 1 |  1.6
Poison Magic   | 1 |  1.6
Conjurations   | 2 |  2.0
Staves         | |  0.9
Dodging        | |  2.4
Spellcasting   | |  3.5
Summonings     | |  1.0
Translocations | |  1.0

Action                   |  1- 3 |  4- 6 || total
-------------------------+-------+-------++-------
Melee: Dagger            |    37 |       ||    37
       Constrict         |    16 |    13 ||    29
       Tentacles         |    13 |    14 ||    27
       Staff             |    24 |    51 ||    75
Throw: Dart              |       |     7 ||     7
 Cast: Magic Dart        |    31 |    29 ||    60
       Mephitic Cloud    |       |     2 ||     2
Evoke: Wand              |       |     1 ||     1
  Use: Scroll            |     4 |     1 ||     5
       Potion            |     2 |     2 ||     4
 Stab: Sleeping          |     8 |     1 ||     9
Armor: Skin              |     5 |     2 ||     7
Dodge: Dodged            |    43 |    38 ||    81

Table legend: (Time is in decaauts)
 A = Elapsed time spent in this place.
 B = Non-inter-level travel time spent in this place.
 C = Inter-level travel time spent in this place.
 D = Time resting spent in this place.
 E = Time spent auto-exploring this place.
 F = Levels seen in this place.
 G = Mean time per level.
                   A        B        C        D        E       F      G
               +--------+--------+--------+--------+--------+-----+--------+
         Total |   4309 |   4191 |    118 |   1175 |   2473 |   4 | 1077.2 |
       Dungeon |   4309 |   4191 |    118 |   1175 |   2473 |   4 | 1077.2 |
               +--------+--------+--------+--------+--------+-----+--------+

Top non-repeatable levels by time:
     D:3: 1548 daAuts
     D:1: 1508 daAuts
     D:2: 1242 daAuts
     D:4: 9 daAuts
